 Dungeon Sprint DCSS version 0.23-a0-242-g2b5ca64 (webtiles) character file.

334693 Kidiri the Swordmaster (level 19, -2/213 HPs)
             Began as a Minotaur Fighter on Sept 28, 2018.
             Was the Champion of the Shining One.
             Killed from afar by an orb of fire (21 damage)
             ... with a fireball
             ... in the Dungeon (Sprint IX: "|||||||||||||||||||||||||||||").
             The game lasted 00:44:22 (10844 turns).

Kidiri the Swordmaster (Minotaur Fighter)          Turns: 10844, Time: 00:44:23

Health: -2/213     AC: 33    Str: 29    XL:     19   Next: 61%
Magic:  1/10       EV: 25    Int: 11    God:    the Shining One [******]
Gold:   1572       SH: 42    Dex: 13    Spells: 18/18 levels left

rFire    + + .     SeeInvis .   P - +6 long sword of Floods {antimagic, *Corrode +Inv rElec Int+6}
rCold    + . .     Gourm    .   c - +2 large shield {rN+}
rNeg     + + +     Faith    .   U - +6 chain mail of Kindness {rF+ Regen+}
rPois    +         Spirit   .   A - +1 hat
rElec    +         Reflect  +   W - +1 cloak {rPois}
rCorr    +         Harm     .   y - +2 pair of gloves
MR       ++...     NoTele   +   (no boots)
Stlth    ++........             z - +3 amulet of reflection
HPRegen  0.00/turn              r - +3 ring of strength
MPRegen  0.12/turn              J - +4 ring of protection

@: divine shield, resistant, berserk cooldown, slowed, glowing, very slow
A: retaliatory headbutt, horns 2, rugged brown scales 1, deformed body, magic
resistance 1, screaming 1, inhibited regeneration
}: 5/17 runes: decaying, serpentine, barnacled, silver, gossamer
a: Divine Shield, Cleansing Flame, Summon Divine Warrior, Renounce Religion,
Evoke Invisibility


You were in the Dungeon.
You worshipped the Shining One.
The Shining One was exalted by your worship.
You were hungry.

You visited 1 branch You collected 1975 gold pieces.
You spent 403 gold pieces at shops.

Inventory:

Hand Weapons
 q - the +1 double sword "Fudwoije" {flame, *Slow +Inv rC+ Int+4}
   (Okawaru gifted it to you in the Dungeon)

   It has been specially enchanted to burn those struck by it, causing extra
   injury to most foes and up to half again as much damage against particularly
   susceptible opponents.
   Big, fiery blades are also staple armaments of hydra-hunters.
   It affects your intelligence (+4).
   It protects you from cold.
   It lets you turn invisible.
   It may slow you when you take damage.
 C - the +10 zealot's sword {holy, *Rage rN+ EV+3}
   (Okawaru gifted it to you in the Dungeon)

   It has been blessed by the Shining One to cause great damage to the undead
   and demons.
   It affects your evasion (+3).
   It protects you from negative energy.
   It may make you go berserk in combat.
 P - the +6 long sword of Floods (weapon) {antimagic, *Corrode +Inv rElec Int+6}
   (Okawaru gifted it to you in the Dungeon)

   It reduces the magical energy of the wielder, and disrupts the spells and
   magical abilities of those hit.
   Natural abilities and divine invocations are not affected.
   It affects your intelligence (+6).
   It insulates you from electricity.
   It lets you turn invisible.
   It may corrode you when you take damage.
 T - a +9 eudemon blade of holy wrath
Missiles
 g - 14 poisoned javelins (quivered)
 h - 10 silver javelins
 Q - 29 steel javelins
 R - 10 javelins
 V - a throwing net
Armour
 c - a +2 large shield of positive energy (worn)
 l - a +1 cloak of invisibility
 y - a +2 pair of gloves (worn)
 A - a +1 hat (worn)
 I - a +2 cloak
 U - the +6 chain mail of Kindness (worn) {rF+ Regen+}
   (Okawaru gifted it to you in the Dungeon)

   It protects you from fire.
   It increases your rate of regeneration.
 W - a +1 cloak of poison resistance (worn)
Jewellery
 a - the ring of Kygaefu {+Inv Slay+3}
   (You found it in the Dungeon)

   [ring of slaying]

   It affects your accuracy and damage with ranged weapons and melee attacks
   (+3).
   It lets you turn invisible.
 b - the ring "Ocilaup" {+Fly rPois EV+3 Str-4 Int+7}
   (You found it in the Dungeon)

   [ring of evasion]

   It affects your evasion (+3).
   It affects your strength (-4).
   It affects your intelligence (+7).
   It protects you from poison.
   It lets you fly.
 r - a +3 ring of strength (left hand)
 s - the amulet "Runoeh" {RegenMP -Tele rC+ rN+++ Dex-2}
   (You found it in the Dungeon)

   [amulet of magic regeneration]

   It increases your magic regeneration.
   It affects your dexterity (-2).
   It protects you from cold.
   It renders you almost immune to negative energy.
   It prevents most forms of teleportation.
 x - the amulet of Secrets {Faith rC+ Str+4}
   (You found it in the Dungeon)

   [amulet of faith]

   It allows you to gain divine favour quickly.
   It affects your strength (+4).
   It protects you from cold.
 z - a +3 amulet of reflection (around neck)
 B - the amulet "Wakus" {Gourm rPois}
   (You found it in the Dungeon)

   [amulet of the gourmand]

   It allows you to eat raw meat even when not hungry.
   It protects you from poison.
 D - an uncursed ring of protection from magic
 E - an uncursed ring of protection from fire
 F - an uncursed ring of ice
 J - a +4 ring of protection (right hand)
 K - a +6 ring of intelligence
 M - a +2 ring of slaying
Wands
 p - a wand of iceblast (4)
Scrolls
 k - a scroll of blinking
 n - 6 scrolls of remove curse
 o - 2 scrolls of amnesia
 v - 4 scrolls of fog
 w - 6 scrolls of fear
 H - 7 scrolls of identify
Potions
 d - 2 potions of might
 e - 3 potions of curing
 i - 5 potions of magic
 j - 2 potions of berserk rage
 m - a potion of invisibility
 t - 4 potions of brilliance
 u - 2 potions of resistance
 G - 3 potions of agility
 N - 6 potions of haste
Comestibles
 f - 5 rations


   Skills:
 O Level 27 Fighting
 O Level 27 Long Blades
 + Level 23.9 Throwing
 O Level 27 Armour
 O Level 27 Dodging
 + Level 22.4 Stealth
 O Level 27 Shields
 - Level 7.7 Invocations
 + Level 21.5 Evocations


You had 18 spell levels left.
You didn't know any spells.
Your spell library was empty.

Dungeon Overview and Level Annotations

Branches:
Dungeon (1/1)

Altars:
Cheibriados
Dithmenos
Elyvilon
Fedhas
Gozag
Hepliaklqana
Kikubaaqudgha
Makhleb
Nemelex Xobeh
Okawaru
Qazlal
Ru
Sif Muna
Trog
Uskayaw
Vehumet
Wu Jian
Xom
Yredelemnul
Zin
The Shining One
Beogh
Jiyva
Lugonu

Shops:
D %:=[


Innate Abilities, Weirdness & Mutations

You reflexively headbutt those who attack you in melee.
You have a pair of horns on your head.
You are partially covered in rugged brown scales. (AC +1, +3% HP)
Armour fits poorly on your strangely shaped body.
You are resistant to hostile enchantments. (MR+)
You occasionally shout uncontrollably at your foes.
You do not regenerate when monsters are visible.


Message History

The orb of fire glows red.
The bolt of fire misses you.
You feel better.
The orb of fire glows deep purple.
The bolt of fire misses you.
The ancient lich gestures wildly while chanting.
Unknown command.
You slice the orb of fire!!
The orb of fire's magic leaks into the air.
The orb of fire is moderately damaged.
The orb of fire glows bright magenta.
The fireball explodes!
The fireball engulfs you! You resist.
* * * LOW HITPOINT WARNING * * *
The fireball engulfs the orb of fire.
The orb of fire completely resists.
You slash the orb of fire!
The orb of fire's magic leaks into the air.
The orb of fire is moderately damaged.
The orb of fire glows red.
The fireball explodes!
The fireball engulfs you! You resist.
You die...

▓▓▓▓▓▓▓▓▓▓▓▓▓▓▓▓▓▓▓▓▓▓▓▓
..'.....†..'.+.'@*LXDX2D
▓▓▓▓▓▓▓▓▓▓▓▓▓▓▓▓▓▓▓▓▓▓▓▓▓▓▓▓▓▓▓▓▓
.................................
▓▓▓▓▓▓▓▓▓▓▓▓▓▓▓▓▓▓▓▓▓▓▓▓▓▓▓▓▓▓▓▓▓
)))))...)).)..[)'))).....'.[))).)
▓▓▓▓▓▓▓▓▓▓▓▓▓▓▓▓▓▓▓▓▓▓▓▓▓▓▓▓▓▓▓▓▓
..)).....).(.....................
▓▓▓▓▓▓▓▓▓▓▓▓▓▓▓▓▓▓▓▓▓▓▓▓▓▓▓▓▓▓▓▓▓
...))))))...[.[[[[[..............


You could see an orb of fire, a shadow dragon, a tentacled monstrosity, an
ancient lich (invisible), a storm dragon, an Orb Guardian and a lorocyproca
(invisible).

Vanquished Creatures
  2 ancient liches (D)
  4 orbs of fire (D)
  Mennas (D)
  Mara (D)
  Boris (D)
  Frederick (D)
  Margery (D)
  A curse toe (D)
  A caustic shrike (D)
  Nikola (D)
  3 golden dragons (D)
  Jory (D)
  2 bone dragons (D)
  4 electric golems (D)
  A tentacled monstrosity (D)
  14 Orb Guardians (D)
  A quicksilver dragon (D)
  A titan (D)
  Frances (D)
  2 death cobs (D)
  Agnes (D)
  A storm dragon (D)
  6 shadow dragons (D)
  Ilsuiw (D)
  2 draconian monks (D)
  10 nagarajas (D)
  Donald (D)
  4 fire giants (D)
  2 draconian knights (D)
  4 vault wardens (D)
  A draconian scorcher (D)
  2 frost giants (D)
  A draconian shifter (D)
  An orc warlord (D)
  3 ghost moths (D)
  2 emperor scorpions (D)
  Aizul (D)
  2 ironheart preservers (D)
  2 draconian stormcallers (D)
  2 draconian annihilators (D)
  3 very ugly things (D)
  8 stone giants (D)
  A vampire knight (D)
  4 red draconians (D)
  2 yellow draconians (D)
  3 purple draconians (D)
  4 black draconians (D)
  4 green draconians (D)
  A white draconian (D)
  3 ettins (D)
  3 merfolk javelineers (D)
  2 fire dragons (D)
  4 merfolk impalers (D)
  5 yaktaur captains (D)
  A great orb of eyes (D)
  An ice dragon (D)
  25 vault guards (D)
  A spriggan air mage (D)
  8 hydras (D)
  An anaconda (D)
  2 merfolk avatars (D)
  A centaur warrior (D)
  Erica (D)
  A death knight (D)
  4 ogre magi (D)
  An alligator snapping turtle (D)
  2 deep troll earth magi (D)
  3 merfolk aquamancers (D)
  2 alligators (D)
  A deep troll shaman (D)
  2 tengu warriors (D)
  A naga sharpshooter (D)
  A deep elf knight (D)
  A hell knight (D)
  Sonja (D)
  Nergalle (D)
  4 swamp dragons (D)
  An ironbrand convoker (D)
  An unseen horror (D)
  2 flayed ghosts (D)
  7 necromancers (D)
  2 orb spiders (D)
  13 orc knights (D)
  5 ugly things (D)
  An orc sorcerer (D)
  A manticore (shapeshifter) (D)
  2 deep elf magi (D)
  2 cyclopes (D)
  9 moths of wrath (D)
  4 wolf spiders (D)
  2 manticores (D)
  Maurice (D)
  4 black mambas (D)
  A guardian serpent (D)
  3 naga magi (D)
  Psyche (D)
  A gargoyle (D)
  2 vault sentinels (D)
  4 spiny frogs (D)
  A komodo dragon (D)
  2 yaktaurs (D)
  4 demonic crawlers (D)
  A freezing wraith (D)
  2 merfolk (D)
  3 trolls (D)
  A jumping spider (D)
  A tyrant leech (D)
  4 hornets (D)
  A polar bear (D)
  A blink frog (D)
  A hippogriff (shapeshifter) (D)
  A snapping turtle (D)
  A dream sheep (shapeshifter) (D)
  2 slime creatures (D)
  3 tarantellas (D)
  A spriggan (D)
  2 redbacks (D)
  A water elemental (D)
  A wyvern (D)
  2 yaks (D)
  Grum (D)
  A vampire mosquito (D)
  A hungry ghost (D)
  An insubstantial wisp (D)
  An acid dragon (D)
  3 nagas (D)
  4 porcupines (D)
  5 water moccasins (D)
  A soldier ant (shapeshifter) (D)
  A swamp drake (D)
  11 orc warriors (D)
  7 black bears (D)
  A black bear (shapeshifter) (D)
  3 wolves (D)
  A centaur (D)
  An ogre (D)
  A boggart (D)
  2 crocodiles (D)
  2 bullfrogs (D)
  A scorpion (D)
  2 crimson imps (D)
  8 orc priests (D)
  4 orc wizards (D)
  An iguana (D)
  An adder zombie (D)
  9 orcs (D)
  A ball python (D)
  A bat (D)
  2 goblins (D)
  A hobgoblin (D)
  A leopard gecko skeleton (D)
391 creatures vanquished.

Vanquished Creatures (others)
  Nessos (D)
  A swamp dragon (D)
  A deep elf archer (D)
  A swamp drake (D)
  An orc warrior (D)
5 creatures vanquished.

Grand Total: 396 creatures vanquished

Notes
Turn   | Place    | Note
-------+----------+-------------------------------------------
     0 | D        | Kidiri the Minotaur Fighter began the quest for the Orb.
     0 | D        | Reached XP level 1. HP: 19/19 MP: 0/0
    10 | D        | Reached skill level 1 in Dodging
   124 | D        | Noticed an iguana
   124 | D        | Noticed a crimson imp
   124 | D        | Noticed an ogre
   126 | D        | Killed an iguana
   126 | D        | Reached skill level 1 in Throwing
   126 | D        | Reached skill level 1 in Stealth
   126 | D        | Reached XP level 2. HP: 28/28 MP: 1/1
   126 | D        | Reached XP level 3. HP: 34/34 MP: 2/2
   146 | D        | Killed an ogre
   146 | D        | Reached skill level 5 in Fighting
   146 | D        | Reached skill level 5 in Long Blades
   146 | D        | Reached skill level 5 in Armour
   146 | D        | Reached skill level 5 in Shields
   146 | D        | Reached XP level 4. HP: 38/44 MP: 3/3
   157 | D        | Reached XP level 5. HP: 46/51 MP: 4/4
   166 | D        | Found a roughly hewn altar of Beogh.
   166 | D        | Found a snail-covered altar of Cheibriados.
   166 | D        | Found a shadowy altar of Dithmenos.
   166 | D        | Found a white marble altar of Elyvilon.
   166 | D        | Found a blossoming altar of Fedhas.
   166 | D        | Found an opulent altar of Gozag.
   167 | D        | Found a hazy altar of Hepliaklqana.
   168 | D        | Found a viscous altar of Jiyva.
   169 | D        | Found an ancient bone altar of Kikubaaqudgha.
   170 | D        | Found a corrupted altar of Lugonu.
   171 | D        | Found a burning altar of Makhleb.
   172 | D        | Found a sparkling altar of Nemelex Xobeh.
   173 | D        | Found an iron altar of Okawaru.
   174 | D        | Found a stormy altar of Qazlal.
   175 | D        | Found a sacrificial altar of Ru.
   176 | D        | Found a deep blue altar of Sif Muna.
   177 | D        | Found a bloodstained altar of Trog.
   178 | D        | Found a hide-covered altar of Uskayaw.
   179 | D        | Found a radiant altar of Vehumet.
   180 | D        | Found an ornate altar of the Wu Jian Council.
   181 | D        | Became a worshipper of Warmaster Okawaru
   182 | D        | Found a shimmering altar of Xom.
   183 | D        | Found a basalt altar of Yredelemnul.
   184 | D        | Found a glowing silver altar of Zin.
   185 | D        | Found a glowing golden altar of the Shining One.
   232 | D        | Noticed a water moccasin
   232 | D        | Noticed a hungry ghost
   232 | D        | Noticed a gargoyle
   236 | D        | Killed a water moccasin
   236 | D        | Reached skill level 5 in Dodging
   236 | D        | Reached skill level 1 in Invocations
   249 | D        | Killed a hungry ghost
   249 | D        | Reached * piety under Okawaru
   249 | D        | Reached XP level 6. HP: 58/61 MP: 4/6
   255 | D        | Killed a gargoyle
   255 | D        | Reached XP level 7. HP: 67/69 MP: 2/8
   258 | D        | Reached ** piety under Okawaru
   412 | D        | Noticed a tengu warrior
   431 | D        | Killed a tengu warrior
   431 | D        | Reached *** piety under Okawaru
   431 | D        | Reached skill level 5 in Throwing
   431 | D        | Reached XP level 8. HP: 64/79 MP: 7/10
   433 | D        | Reached skill level 10 in Fighting
   616 | D        | Noticed a black mamba
   616 | D        | Noticed a seven-headed hydra
   623 | D        | Killed a black mamba
   623 | D        | Reached skill level 10 in Armour
   623 | D        | Reached skill level 10 in Shields
   643 | D        | Reached skill level 10 in Long Blades
   643 | D        | Reached skill level 5 in Stealth
   643 | D        | Reached XP level 9. HP: 34/86 MP: 11/11
   654 | D        | Killed a 16-headed hydra
   654 | D        | Reached **** piety under Okawaru
   654 | D        | Received a gift from Okawaru
   654 | D        | Received a gift from Okawaru
   654 | D        | Reached skill level 5 in Invocations
   660 | D        | Reached skill level 10 in Dodging
   674 | D        | Reached ***** piety under Okawaru
   693 | D        | Noticed a spiny frog
   700 | D        | Killed a spiny frog
   885 | D        | Noticed a komodo dragon
   901 | D        | Killed a komodo dragon
   901 | D        | Received a gift from Okawaru
   901 | D        | Reached XP level 10. HP: 97/97 MP: 6/13
   988 | D        | Received a gift from Okawaru
  1052 | D        | Noticed Grum
  1065 | D        | Killed Grum
  1093 | D        | Noticed Erica
  1106 | D        | Killed Erica
  1114 | D        | Noticed Sonja
  1378 | D        | Noticed an orc sorcerer
  1390 | D        | Killed an orc sorcerer
  1590 | D        | Reached XP level 11. HP: 70/107 MP: 8/15
  1801 | D        | Found Quydeitu's Food Emporium.
  1801 | D        | Noticed an orc knight
  1801 | D        | Noticed an orc knight
  1804 | D        | Noticed an orc knight
  1812 | D        | Killed an orc knight
  1813 | D        | Noticed an orc knight
  1818 | D        | Killed an orc knight
  1819 | D        | Found Aresayl's Book Shoppe.
  1823 | D        | Noticed an orc knight
  1824 | D        | Noticed an orc knight
  1832 | D        | Noticed an orc knight
  1835 | D        | Killed an orc knight
  1836 | D        | Found Zimolut's Jewellery Emporium.
  1841 | D        | Killed an orc knight
  1841 | D        | Received a gift from Okawaru
  1842 | D        | Noticed an orc knight
  1859 | D        | Killed an orc knight
  1864 | D        | Found Nepietue's Antique Armour Shoppe.
  1864 | D        | Noticed an orc knight
  1869 | D        | Killed an orc knight
  1869 | D        | Noticed an orc knight
  1871 | D        | Killed an orc knight
  1874 | D        | Killed an orc knight
  1881 | D        | Killed an orc knight
  1893 | D        | Killed an orc knight
  1958 | D        | Bought a +3 amulet of reflection for 219 gold pieces
  1961 | D        | Bought an embroidered scarf for 184 gold pieces
  2154 | D        | Noticed Maurice
  2161 | D        | Killed Maurice
  2187 | D        | Noticed Psyche
  2192 | D        | Killed Psyche
  2277 | D        | Noticed a purple ugly thing
  2277 | D        | Noticed a five-headed hydra
  2285 | D        | Killed a purple ugly thing
  2285 | D        | Received a gift from Okawaru
  2287 | D        | Noticed a stone giant
  2290 | D        | Killed a two-headed hydra
  2290 | D        | Reached skill level 1 in Evocations
  2308 | D        | Killed a stone giant
  2308 | D        | Reached XP level 12. HP: 114/118 MP: 10/16
  2311 | D        | Noticed a fire giant
  2312 | D        | Noticed an ettin
  2319 | D        | Noticed a deep troll earth mage
  2319 | D        | Noticed a yaktaur captain
  2333 | D        | Killed a fire giant
  2336 | D        | Received a gift from Okawaru
  2336 | D        | Reached skill level 15 in Fighting
  2343 | D        | Killed an ettin
  2343 | D        | Reached skill level 15 in Shields
  2355 | D        | Killed a deep troll earth mage
  2355 | D        | Reached skill level 15 in Long Blades
  2355 | D        | Reached skill level 15 in Armour
  2362 | D        | Killed a yaktaur captain
  2362 | D        | Received a gift from Okawaru
  2386 | D        | Got a slimy double sword {god gift}
  2401 | D        | Identified the +1 double sword "Fudwoije" {flame, *Slow
                  | +Inv rC+ Int+4} (Okawaru gifted it to you in the Dungeon)
  2693 | D        | Noticed Nessos
  2700 | D        | Killed Nessos
  2753 | D        | Noticed an alligator
  2753 | D        | Noticed an alligator
  2763 | D        | Killed an alligator
  2763 | D        | Noticed a seven-headed hydra
  2770 | D        | Killed an alligator
  2791 | D        | Killed a four-headed hydra
  2828 | D        | Noticed a nagaraja
  2828 | D        | Noticed a nagaraja
  2828 | D        | Noticed an anaconda
  2828 | D        | Noticed a nagaraja
  2835 | D        | Killed a nagaraja
  2835 | D        | Reached ****** piety under Okawaru
  2846 | D        | Killed a nagaraja
  2846 | D        | Received a gift from Okawaru
  2856 | D        | Killed an anaconda
  2856 | D        | Reached XP level 13. HP: 99/129 MP: 10/17
  2857 | D        | Noticed a nagaraja
  2863 | D        | Killed a nagaraja
  2863 | D        | Received a gift from Okawaru
  2863 | D        | Reached skill level 15 in Dodging
  2863 | D        | Reached skill level 5 in Evocations
  2863 | D        | Reached skill level 10 in Throwing
  2869 | D        | Killed a nagaraja
  2978 | D        | Noticed a merfolk impaler
  2987 | D        | Killed a merfolk impaler
  3123 | D        | Received a gift from Okawaru
  3124 | D        | Found the +10 zealot's sword {holy, *Rage rN+ EV+3}
  3319 | D        | Killed Sonja
  3320 | D        | Noticed Aizul
  3338 | D        | Killed Aizul
  3510 | D        | Noticed a white very ugly thing
  3510 | D        | Noticed an ettin
  3510 | D        | Noticed a stone giant
  3510 | D        | Noticed a purple very ugly thing
  3514 | D        | Noticed a brown very ugly thing
  3518 | D        | Killed a white very ugly thing
  3518 | D        | Reached skill level 10 in Stealth
  3522 | D        | Noticed a frost giant
  3529 | D        | Killed a stone giant
  3535 | D        | Killed a brown very ugly thing
  3535 | D        | Received a gift from Okawaru
  3535 | D        | Noticed a fire giant
  3538 | D        | Killed a frost giant
  3539 | D        | Killed an ettin
  3539 | D        | Received a gift from Okawaru
  3540 | D        | Killed a fire giant
  3540 | D        | Received a gift from Okawaru
  3540 | D        | Reached XP level 14. HP: 131/143 MP: 5/18
  3541 | D        | Killed a brown very ugly thing
  3644 | D        | Noticed a vault warden
  3654 | D        | Noticed a stone giant
  3655 | D        | Killed a vault warden
  3656 | D        | Noticed a vault warden
  3660 | D        | Noticed a fire giant
  3670 | D        | Killed a stone giant
  3670 | D        | Received a gift from Okawaru
  3676 | D        | Killed a vault warden
  3681 | D        | Killed a fire giant
  3685 | D        | Noticed an ironheart preserver
  3688 | D        | Received a gift from Okawaru
  3737 | D        | Received a gift from Okawaru
  3752 | D        | Killed an ironheart preserver
  4024 | D        | Noticed Frederick
  4032 | D        | Killed Frederick
  4032 | D        | Received a gift from Okawaru
  4042 | D        | Got a spiked crystal plate armour {god gift}
  4053 | D        | Identified the +0 crystal plate armour of Dim Light
                  | {+Blink} (Okawaru gifted it to you in the Dungeon)
  4281 | D        | Gained mutation: Your body sometimes deteriorates upon
                  | taking damage. [potion of mutation]
  4281 | D        | Gained mutation: You have an increased reservoir of magic.
                  | (+10% MP) [potion of mutation]
  4281 | D        | Gained mutation: Your flesh is heat resistant. (rF+)
                  | [potion of mutation]
  4342 | D        | Noticed Agnes
  4350 | D        | Killed Agnes
  4362 | D        | Noticed Jory
  4371 | D        | Killed Jory
  4371 | D        | Reached XP level 15. HP: 127/155 MP: 17/22
  4396 | D        | Noticed Margery
  4417 | D        | Killed Margery
  4434 | D        | Noticed Nergalle
  4441 | D        | Killed Nergalle
  4477 | D        | Noticed Ilsuiw
  4478 | D        | Received a gift from Okawaru
  4495 | D        | Killed Ilsuiw
  4533 | D        | Got a barnacled rune of Zot
  4743 | D        | Killed a ghost moth
  4743 | D        | Killed a ghost moth
  4755 | D        | Reached skill level 10 in Evocations
  4771 | D        | Received a gift from Okawaru
  4788 | D        | Got a gossamer rune of Zot
  4888 | D        | Noticed a nagaraja
  4888 | D        | Noticed a nagaraja
  4889 | D        | Noticed a nagaraja
  4892 | D        | Killed a nagaraja
  4892 | D        | Received a gift from Okawaru
  4893 | D        | Noticed a nagaraja
  4895 | D        | Noticed a nagaraja
  4896 | D        | Killed a nagaraja
  4897 | D        | Killed a nagaraja
  4898 | D        | Noticed a nagaraja
  4904 | D        | Killed a nagaraja
  4909 | D        | Killed a nagaraja
  4917 | D        | Killed a nagaraja
  4928 | D        | Got a serpentine rune of Zot
  5173 | D        | Reached XP level 16. HP: 91/168 MP: 25/25
  5189 | D        | Received a gift from Okawaru
  5208 | D        | Got a decaying rune of Zot
  5491 | D        | Received a gift from Okawaru
  5495 | D        | Got a bloodstained long sword {god gift}
  5585 | D        | Received a gift from Okawaru
  5669 | D        | Got a spiked chain mail {god gift}
  5680 | D        | Identified the +6 chain mail of Kindness {rF+ Regen+}
                  | (Okawaru gifted it to you in the Dungeon)
  5720 | D        | Identified the +6 long sword of Floods {antimagic, *Corrode
                  | +Inv rElec Int+6} (Okawaru gifted it to you in the Dungeon)
  5838 | D        | Noticed a tentacled monstrosity
  5846 | D        | Killed a tentacled monstrosity
  5853 | D        | Noticed a shadow dragon
  5859 | D        | Noticed a shadow dragon
  5869 | D        | Killed a shadow dragon
  5880 | D        | Killed a shadow dragon
  6068 | D        | Noticed a shadow dragon
  6068 | D        | Noticed a titan
  6068 | D        | Noticed a shadow dragon
  6074 | D        | Killed a shadow dragon
  6074 | D        | Reached skill level 15 in Throwing
  6075 | D        | Noticed a shadow dragon
  6078 | D        | Killed a titan
  6081 | D        | Noticed an ancient lich
  6083 | D        | Killed a shadow dragon
  6084 | D        | Killed a shadow dragon
  6097 | D        | Killed an ancient lich
  6097 | D        | Received a gift from Okawaru
  6097 | D        | Reached XP level 17. HP: 172/182 MP: 2/28
  6111 | D        | Got a crude silver amulet
  6113 | D        | Got a silver rune of Zot
  6135 | D        | Identified the amulet "Poro" {Acrobat Stlth+} (You found it
                  | in the Dungeon)
  6177 | D        | Noticed Frances
  6184 | D        | Noticed Boris
  6198 | D        | Killed Frances
  6198 | D        | Received a gift from Okawaru
  6216 | D        | Killed Boris
  6408 | D        | Got the ring of Kygaefu {+Inv Slay+3}
  6410 | D        | Got the ring "Ocilaup" {+Fly rPois EV+3 Str-4 Int+7}
  6412 | D        | Got the amulet "Runoeh" {RegenMP -Tele rC+ rN+++ Dex-2}
  6414 | D        | Got the amulet of Secrets {Faith rC+ Str+4}
  6416 | D        | Got the amulet "Wakus" {Gourm rPois}
  6462 | D        | Lost mutation: Your flesh is heat resistant. (rF+) [potion
                  | of mutation]
  6462 | D        | Lost mutation: Your body sometimes deteriorates upon taking
                  | damage. [potion of mutation]
  6462 | D        | Lost mutation: You have an increased reservoir of magic.
                  | (+10% MP) [potion of mutation]
  6462 | D        | Gained mutation: You are resistant to hostile enchantments.
                  | (MR+) [potion of mutation]
  6462 | D        | Gained mutation: You are partially covered in rugged brown
                  | scales. (AC +1, +3% HP) [potion of mutation]
  6506 | D        | Noticed Donald
  6523 | D        | Killed Donald
  6523 | D        | Received a gift from Okawaru
  6528 | D        | Noticed Mennas
  6599 | D        | Killed Mennas
  6620 | D        | Noticed Mara
  6636 | D        | Killed Mara
  6636 | D        | Received a gift from Okawaru
  6640 | D        | Noticed Nikola
  6660 | D        | Killed Nikola
  6660 | D        | Received a gift from Okawaru
  6711 | D        | Noticed a caustic shrike
  6716 | D        | Reached skill level 15 in Stealth
  6725 | D        | Killed a caustic shrike
  6787 | D        | Noticed a golden dragon
  6787 | D        | Noticed a bone dragon
  6787 | D        | Noticed a golden dragon
  6787 | D        | Noticed a bone dragon
  6799 | D        | Killed a golden dragon
  6807 | D        | Killed a bone dragon
  6818 | D        | Killed a bone dragon
  6824 | D        | Killed a golden dragon
  6824 | D        | Received a gift from Okawaru
  6849 | D        | Reached XP level 18. HP: 165/201 MP: 4/27
  8268 | D        | Fell from the grace of Okawaru
  8268 | D        | Became a worshipper of the Shining One
  9595 | D        | Reached * piety under the Shining One
  9605 | D        | Reached ** piety under the Shining One
  9675 | D        | Noticed an electric golem
  9675 | D        | Reached *** piety under the Shining One
  9680 | D        | Reached **** piety under the Shining One
  9703 | D        | Killed an electric golem
  9817 | D        | Noticed a curse toe
  9817 | D        | Noticed a golden dragon
  9817 | D        | Reached ***** piety under the Shining One
  9820 | D        | Reached skill level 27 in Fighting
  9820 | D        | Reached skill level 27 in Long Blades
  9820 | D        | Reached skill level 27 in Shields
  9822 | D        | Killed a golden dragon
  9822 | D        | Reached skill level 27 in Armour
  9822 | D        | Reached skill level 15 in Evocations
  9824 | D        | Killed a curse toe
 10227 | D        | Reached ****** piety under the Shining One
 10288 | D        | Identified a +7 eudemon blade of holy wrath (a +5 vampiric
                  | demon blade blessed by the Shining One)
 10288 | D        | Received a gift from the Shining One
 10386 | D        | Noticed an Orb Guardian
 10386 | D        | Noticed an Orb Guardian
 10386 | D        | Noticed an Orb Guardian
 10386 | D        | Noticed an Orb Guardian
 10386 | D        | Noticed an Orb Guardian
 10386 | D        | Noticed an Orb Guardian
 10387 | D        | Noticed an Orb Guardian
 10392 | D        | Killed an Orb Guardian
 10392 | D        | Killed an Orb Guardian
 10392 | D        | Killed an Orb Guardian
 10392 | D        | Reached skill level 27 in Dodging
 10392 | D        | Noticed an Orb Guardian
 10394 | D        | Killed an Orb Guardian
 10394 | D        | Killed an Orb Guardian
 10394 | D        | Noticed an Orb Guardian
 10404 | D        | Killed an Orb Guardian
 10407 | D        | Killed an Orb Guardian
 10416 | D        | Killed an Orb Guardian
 10423 | D        | Killed an Orb Guardian
 10426 | D        | Noticed an Orb Guardian
 10434 | D        | Killed an Orb Guardian
 10441 | D        | Noticed an Orb Guardian
 10441 | D        | Noticed an Orb Guardian
 10441 | D        | Noticed an orb of fire
 10529 | D        | Noticed an Orb Guardian
 10531 | D        | Noticed an Orb Guardian
 10544 | D        | Killed an orb of fire
 10544 | D        | Reached XP level 19. HP: 213/213 MP: 7/31
 10605 | D        | Noticed an ancient lich
 10618 | D        | Killed an ancient lich
 10625 | D        | Noticed an orb of fire
 10641 | D        | Killed an orb of fire
 10705 | D        | Noticed an electric golem
 10717 | D        | Killed an electric golem
 10793 | D        | Noticed an orb of fire
 10793 | D        | Noticed an electric golem
 10793 | D        | Noticed an electric golem
 10795 | D        | Noticed an orb of fire
 10797 | D        | Killed an electric golem
 10798 | D        | Noticed an orb of fire
 10801 | D        | Killed an electric golem
 10809 | D        | Noticed an ancient lich
 10810 | D        | Killed an orb of fire
 10822 | D        | Killed an orb of fire
 10831 | D        | Gained mutation: Armour fits poorly on your strangely
                  | shaped body. [an orb of fire]
 10838 | D        | Gained mutation: You occasionally shout uncontrollably at
                  | your foes. [an orb of fire]
 10838 | D        | HP: 1/213 [orb of fire/fireball (28)]
 10841 | D        | Gained mutation: You do not regenerate when monsters are
                  | visible. [an orb of fire]
 10844 | D        | Killed from afar by an orb of fire

Vault maps used:
D:        linesprint

Skill      XL: |  1  2  3  4  5  6  7  8  9 10 11 12 13 14 15 16 17 18 19 |
---------------+----------------------------------------------------------+-----
Dodging        | 2 3 4 6 7 8 9 10 11 13 14 16 18 20 22 24 27 | 27.0
Armour         | 4 5 6 7 8 9 10 11 12 14 16 18 19 21 24 26 27 | 27.0
Fighting       | 4 5 6 7 8 9 10 11 13 14 16 18 19 21 24 26 27 | 27.0
Shields        | 4 5 6 7 8 9 10 11 12 14 16 18 19 21 24 26 27 | 27.0
Long Blades    | 3 5 7 8 9 10 11 12 14 16 18 19 21 24 26 27 | 27.0
Throwing       | 1 2 3 4 5 6 7 8 9 11 12 13 15 16 21 23 | 23.9
Stealth        | 1 2 3 4 5 6 8 9 10 11 12 14 15 19 22 | 22.4
Invocations    | 2 4 5 6 7 |  7.7
Evocations     | 2 4 6 8 10 12 14 18 21 | 21.5

Action                   |  1- 3 |  4- 6 |  7- 9 | 10-12 | 13-15 | 16-18 | 19-21 || total
-------------------------+-------+-------+-------+-------+-------+-------+-------++-------
Melee: Long sword        |    32 |     6 |       |       |       |   380 |   123 ||   541
       Headbutt          |     3 |     5 |    17 |    89 |    80 |   136 |    33 ||   363
       Scimitar          |       |    21 |    79 |   296 |       |       |       ||   396
       Double sword      |       |       |       |    60 |    33 |    13 |       ||   106
       Eudemon blade     |       |       |       |       |   273 |    73 |       ||   346
Throw: Javelin           |       |       |       |     9 |    58 |   103 |     7 ||   177
Invok: Heroism           |       |     1 |     4 |    13 |    14 |    11 |       ||    43
       Finesse           |       |       |     1 |    12 |    13 |     8 |       ||    34
       Divine Shield     |       |       |       |       |       |     5 |     6 ||    11
       Brand Weapon With |       |       |       |       |       |     1 |       ||     1
       Cleansing Flame   |       |       |       |       |       |       |     2 ||     2
Evoke: Wand              |       |       |     6 |       |       |       |       ||     6
  Use: Potion            |       |       |     4 |     3 |     7 |     1 |    11 ||    26
       Scroll            |       |       |       |     2 |     4 |     6 |       ||    12
 Stab: Sleeping          |       |       |       |       |       |     2 |       ||     2
  Eat: Chunk             |       |     1 |     3 |     2 |     5 |     4 |     1 ||    16
       Ration            |       |       |       |     2 |       |     4 |       ||     6
Armor: Scale mail        |     9 |       |       |       |       |       |       ||     9
       Chain mail        |       |     9 |     8 |       |       |    40 |    10 ||    67
       Plate armour      |       |       |    48 |    46 |    15 |       |       ||   109
       Crystal plate arm |       |       |       |       |    41 |    13 |       ||    54
Dodge: Dodged            |     5 |     5 |    59 |    60 |    67 |    73 |    28 ||   297
Block: Shield            |    18 |    15 |    55 |   134 |    77 |       |       ||   299
       Reflection        |       |       |       |     7 |     8 |     3 |     7 ||    25
       Large shield      |       |       |       |       |   122 |   371 |    88 ||   581
       Rpst.: Long sword |     2 |     1 |       |       |       |     9 |     3 ||    15
       Scimitar          |       |       |     3 |    11 |       |       |       ||    14
       Double sword      |       |       |       |     1 |       |     1 |       ||     2
       Eudemon blade     |       |       |       |       |     6 |       |       ||     6

Table legend:
 A = Non-vault XP
 B = Vault XP
 C = Vault XP percentage of total XP
 D = Non-vault monster count
 E = Vault monster count
 F = Vault count percentage of total count
                 A         B        C        D         E       F
            +---------+---------+-------+---------+---------+-------
      Total |     271 |  436463 |  99.9 |       1 |     381 |  99.7
            +---------+---------+-------+---------+---------+-------
          D |     271 |  436463 |  99.9 |       1 |     381 |  99.7
            +---------+---------+-------+---------+---------+-------
